 Dungeon Crawl Stone Soup version 0.32-a0-893-gf85d74f360 (webtiles) character file.

Game seed: 8860690686983155792

642 Biggs the Carver (level 7, -1/50 HPs)
             Began as a Coglin Gladiator on Apr 3, 2024.
             Slain by a hound (4 damage)
             ... on level 5 of the Dungeon.
             The game lasted 00:05:30 (3202 turns).

Biggs the Carver (Coglin Gladiator)                 Turns: 3202, Time: 00:05:31

Health: -1/50      AC:  4    Str: 15    XL:     7   Next: 51%
Magic:  7/7        EV: 11    Int:  7    God:
Gold:   367        SH:  0    Dex: 17    Spells: 6/6 levels left

rFire   . . .        a - +0 long sword {Raúl}
rCold   . . .        r - +1 dagger (vamp) {Yuxuan}
rNeg    . . .        b - +0 leather armour
rPois   .            c - +0 helmet
rElec   .            (no cloak)
rCorr   .            (no gloves)
SInv    .            (no boots)
Will    .....        (amulet unavailable)
Stlth   +            (ring unavailable)
HPRegen 0.28/turn    (ring unavailable)
MPRegen 0.10/turn    (no gizmo)

%: no passive effects
@: revving
A: off-hand wielding, slow wielding, warmup strikes, no jewellery
a: Invent Gizmo, Convert to Beogh


You were on level 5 of the Dungeon.
You visited 1 branch of the dungeon, and saw 5 of its levels.

You collected 367 gold pieces.

Inventory:

Hand Weapons
 a - a +0 long sword (weapon) {Raúl}
 f - a +0 dagger {Fepagh}
 r - a +1 vampiric dagger (offhand) {Yuxuan}
Missiles
 d - 3 throwing nets (quivered)
 e - a javelin
Armour
 b - a +0 leather armour (worn)
 c - a +0 helmet (worn)
 s - the +1 leather armour of the Sneaky Visions {rPois rF- rC+++ Int-2}
   (You found it on level 4 of the Dungeon)

   Int-2:     It affects your intelligence (-2).
   rF-:       It makes you vulnerable to fire.
   rC+++:     It renders you almost immune to cold.
   rPois:     It protects you from poison.
Scrolls
 g - a scroll of amnesia {unknown}
 i - a scroll of fog
 k - 6 scrolls of identify {unknown}
 l - a scroll of noise {unknown}
 q - 2 scrolls of enchant weapon {unknown}
 t - a scroll of brand weapon {unknown}
Potions
 h - 2 potions of enlightenment {unknown}
 j - a potion of haste {unknown}
 m - a potion of attraction {unknown}
 n - a potion of cancellation {unknown}
 o - 2 potions of curing {unknown}
 p - a potion of invisibility {unknown}


   Skills:
 - Level 2.0 Fighting
 + Level 8.5 Long Blades
 - Level 1.7 Throwing
 - Level 2.6 Dodging


You had 6 spell levels left.
You didn't know any spells.
Your spell library contained the following spells:

 Spells                   Type           Power      Damage    Failure   Level
 Magic Dart               Conj           0%         1d3       50%         1
 Summon Small Mammal      Summ           0%         N/A       50%         1
 Searing Ray              Conj           0%         2d4       65%         2
 Call Canine Familiar     Summ           0%         N/A       86%         3
 Fulminant Prism          Conj/Alch      0%         3d5       99%         4
 Summon Blazeheart Golem  Fire/Summ      0%         N/A       99%         4


Dungeon Overview and Level Annotations

Branches:
Dungeon (5/15)
 Temple: D:4-7

Altars:
Ashenzari
Makhleb

Shops:
D:5 :

Annotations:
D:3 2 transporters


Innate Abilities, Weirdness & Mutations

You can wield a second weapon in your off-hand.
It takes a long time for you to wield or remove held weapons.
Your first few attacks do less damage.
You cannot equip rings or amulets.


Message History

A hound is nearby!
A hound is nearby!
Unknown command.
Unknown command.
Unknown command. 2 orcs and a hound come into view.
An orc is wielding a +0 flail of draining.
Found a mace.
The orc shouts! x2; The hound barks!
Unknown command.
An orc priest comes into view. It is wielding a +0 dagger.
The hound barks!
Unknown command.
You hit the hound but do no damage. x2; The hound bites you. x2
You barely miss the hound with your +0 long sword.
You closely miss the hound with your +1 vampiric dagger.
The orc priest invokes the aid of Beogh against you.
Beogh smites you! The hound bites you.
The orc priest shouts, "Beogh offers mercy even to people such as you.
Join us and be reborn!" (press Y on the ability menu to convert to Beogh) Unknown command.
The hound attacks as it pursues you! The hound closely misses you.
The orc priest mumbles some strange prayers to Beogh against you.
Beogh smites you!
Unknown command.
The hound attacks as it pursues you! The hound closely misses you.
The orc priest mumbles some strange prayers to Beogh against you.
Beogh smites you!
* * * LOW HITPOINT WARNING * * *
The hound bites you.
* * * LOW HITPOINT WARNING * * *
The hound barely misses you.
You see here 7 stones.
Okay, then.
Okay, then.
As you read the scroll labelled XICAIS SANKOY, it dissolves into smoke.
It was a scroll of fog.
The hound bites you.
* * * LOW HITPOINT WARNING * * *
The hound bites you.
You die...

########### ###
##.##......#### #.#
##..#......##.## ..##
....##.....#...##..)#####
#..##...........##..#...#
#..#..........###.......##
#...#.........###........#
....#..........§§h.......#
.##......#.....§@ho.......
.....)#.##.#...§##o.......
.....##.#.....§.###....###
........##..##...# #o..#
........#..###..## #..#
..###......# #..# ....
#####....#.##...### ....
.###....###........ ..
..##.....#..#....##


You could see 2 hounds, an orc priest and 2 orcs.

Vanquished Creatures
  2 black bears
  2 ogres
  A bombardier beetle (D:5)
  A hound (D:5)
  2 iguanas
  Robin (D:2)
  5 adders
  A ribbon worm (D:2)
  4 dart slugs (D:1)
  3 orcs
  4 bats (D:1)
  10 endoplasms
  4 giant cockroaches
  14 goblins
  16 hobgoblins
  6 jackals
  11 kobolds
  4 quokkas
  10 ball pythons
  A frilled lizard (D:1)
  4 rats
106 creatures vanquished.

Notes
Turn   | Place    | Note
-------+----------+-------------------------------------------
     0 | D:1      | Biggs the Coglin Gladiator began the quest for the Orb.
     0 | D:1      | Reached XP level 1. HP: 16/16 MP: 1/1
    18 | D:1      | Reached XP level 2. HP: 12/22 MP: 2/2
   188 | D:1      | Reached skill level 4 in Long Blades
   247 | D:1      | Reached XP level 3. HP: 25/27 MP: 3/3
   752 | D:2      | Reached XP level 4. HP: 33/33 MP: 4/4
   775 | D:2      | Reached skill level 5 in Long Blades
   879 | D:2      | Found a faded altar of an unknown god.
   980 | D:2      | Noticed Robin
  1020 | D:2      | Killed Robin
  1026 | D:2      | Reached XP level 5. HP: 13/38 MP: 5/5
  1626 | D:3      | Found a transporter.
  1654 | D:3      | Found a transporter.
  1712 | D:3      | Found a burning altar of Makhleb.
  1712 | D:3      | Noticed a cacodemon
  1715 | D:3      | Identified the +1 robe "Plog" {rF+ rC- Str-3 Int+5}
  1962 | D:4      | Found a broken altar of Ashenzari.
  1999 | D:4      | Reached skill level 6 in Long Blades
  2007 | D:4      | Identified the +1 leather armour of the Sneaky Visions
                  | {rPois rF- rC+++ Int-2}
  2278 | D:4      | Noticed a black bear
  2283 | D:4      | Killed a black bear
  2284 | D:4      | Reached XP level 6. HP: 44/44 MP: 6/6
  2311 | D:4      | Reached skill level 7 in Long Blades
  2781 | D:5      | Entered Level 5 of the Dungeon
  2781 | D:5      | Noticed a black bear
  2789 | D:5      | Killed a black bear
  2790 | D:5      | Reached XP level 7. HP: 41/50 MP: 7/7
  2856 | D:5      | Found Dezibb's Book Emporium.
  2995 | D:5      | Reached skill level 8 in Long Blades
  3202 | D:5      | Slain by a hound

Illustrated notes

Levels and vault maps discovered:
D:1:      dpeg_arrival_tiny_i, layout_rooms
D:2:      layout_basic, shapermc_ecumenical_altar_venn, hangedman_decor_growths,
          minmay_cut_off, uniq_robin
D:3:      gammafunk_steamed_eel, layout_rooms, makhleb_altar_promises_db
D:4:      layout_loops_ring, evilmike_ruin_ashenzari,
          chequers_serial_rivers_micro_c
D:5:      layout_cave_pools, serial_shops, shop, solitary_fountain,
          small_statue_intersection, uniq_pikel

Skill      XL: |  1  2  3  4  5  6  7 |
---------------+----------------------+-----
Long Blades    | 4 5 6 7 8 |  8.5
Fighting       | |  2.0
Throwing       | |  1.7
Dodging        | |  2.6

Action                     |  1- 3 |  4- 6 |  7- 9 || total
---------------------------+-------+-------+-------++-------
  Melee: Long sword        |    76 |   156 |    27 ||   259
         Dagger            |    72 |   147 |    26 ||   245
    Use: Scroll            |       |       |     1 ||     1
   Stab: Sleeping          |     2 |     1 |       ||     3
 Armour: Leather armour    |   100 |    81 |    14 ||   195
  Dodge: Dodged            |    73 |   109 |    15 ||   197

Table legend: (Time is in decaauts)
 A = Elapsed time spent in this place.
 B = Non-inter-level travel time spent in this place.
 C = Inter-level travel time spent in this place.
 D = Time resting spent in this place.
 E = Time spent auto-exploring this place.
 F = Levels seen in this place.
 G = Mean time per level.
                   A        B        C        D        E       F      G
               +--------+--------+--------+--------+--------+-----+--------+
         Total |   3198 |   3127 |     71 |      0 |   2438 |   5 |  639.6 |
       Dungeon |   3198 |   3127 |     71 |      0 |   2438 |   5 |  639.6 |
               +--------+--------+--------+--------+--------+-----+--------+

Top non-repeatable levels by time:
     D:4: 837 daAuts
     D:2: 820 daAuts
     D:1: 641 daAuts
     D:3: 481 daAuts
     D:5: 417 daAuts
